[Event "Titled Tuesday Blitz February 07 Early 2023"]
[White "Ciuffoletti, Paolo"]
[Black "Lucassen, Mickey"]
[WhiteFideId "807630"]
[BlackFideId "12919110"]
[WhiteElo "2106"]
[BlackElo "2023"]
[Result "0-1"]
[Round "07"]
[TimeControl "180+2"]
[Date "2023.02.07"]
[WhiteClock "0:00:04"]
[BlackClock "0:00:13"]

1. e4 g6 2. d4 Bg7 3. Nc3 d6 4. f4 a6 5. Nf3 b5 6. Bd3 Bb7 7. e5 e6 8. O-O Ne7 9. Ne4 Nd5 10. c3 O-O 11. h4 h5 12. Nfg5 Ne7 13. g4 hxg4 14. Qxg4 Nf5 15. h5 dxe5 16. fxe5 Bxe5 17. hxg6 Bxd4+ 18. cxd4 Qxd4+ 19. Rf2 f6 20. Qh5 Qd7 21. Nxe6 Nc6 22. Qxf5 Nd4 23. Nxd4 Qxd4 24. Qh5 Qd7 0-1


[Site "https://www.chess.com"]

[Event "Titled Tuesday Blitz February 07 Early 2023"]
[White "Mouhamad, Joachim"]
[Black "Onslow, Alfie"]
[WhiteFideId "656410"]
[BlackFideId "436976"]
[WhiteElo "2238"]
[BlackElo "2157"]
[Result "1-0"]
[Round "07"]
[TimeControl "180+2"]
[Date "2023.02.07"]
[WhiteClock "0:00:33"]
[BlackClock "0:00:01"]

1. e4 c5 2. Nf3 d6 3. d4 cxd4 4. Nxd4 Nf6 5. Nc3 a6 6. f3 e5 7. Nb3 Be6 8. Be3 h5 9. Nd5 Nxd5 10. exd5 Bf5 11. Be2 Be7 12. O-O Nd7 13. c4 Rc8 14. Qd2 b6 15. Rac1 a5 16. Na1 Nc5 17. Nc2 h4 18. Na3 O-O 19. Nb5 Bd7 20. Nc3 f5 21. f4 e4 22. b3 Bf6 23. Rb1 Qe8 24. a3 a4 25. b4 Nb3 26. Qc2 b5 27. c5 dxc5 28. bxc5 Nxc5 29. Nxb5 Nd3 30. Qxa4 Ra8 31. Qb3 Bxb5 32. Qxb5 Qxb5 33. Rxb5 Rxa3 34. d6 Rd8 35. Rxf5 Rxd6 36. Rb5 Rc6 37. Bh5 Rc2 38. Rb8+ Kh7 39. f5 Ne5 40. Bf4 Raa2 41. g4 Rg2+ 42. Kh1 h3 43. Rc1 Raf2 44. Bg3 Rc2 45. Ra1 Ra2 46. Rab1 Rac2 47. g5 Bxg5 48. Bxe5 Bf6 49. Bg6+ Kh6 50. Bf4+ Bg5 51. Rh8# 1-0


[Site "https://www.chess.com"]

[Event "Titled Tuesday Blitz February 07 Early 2023"]
[White "Ardila, Oscar Humberto"]
[Black "Sputnik-11"]
[WhiteFideId "4404742"]
[WhiteElo "1982"]
[BlackElo "2381"]
[Result "0-1"]
[Round "07"]
[TimeControl "180+2"]
[Date "2023.02.07"]
[WhiteClock "0:00:16"]
[BlackClock "0:00:17"]

1. d4 Nf6 2. c4 c5 3. d5 b5 4. Qc2 d6 5. e4 g6 6. cxb5 a6 7. Nc3 Bg7 8. Nf3 O-O 9. Be2 axb5 10. Bxb5 Ba6 11. O-O Qb6 12. a4 Nbd7 13. Bf4 Rfb8 14. Ra2 Qa5 15. b3 Bxb5 16. Nxb5 Rxb5 17. Nd2 Rbb8 18. Nc4 Qc7 19. Re1 Nh5 20. Bg5 Ne5 21. Nd2 h6 22. Bh4 g5 23. g4 Nxg4 24. Qd1 Ngf6 25. Bg3 Nxg3 26. hxg3 Qd7 27. Qf3 Qg4 28. Qe3 Qh3 29. Qf3 Ng4 30. Qg2 Qxg2+ 31. Kxg2 Bc3 32. Re2 Bxd2 33. Rexd2 Rxb3 34. a5 Ne5 35. f4 Nc4 36. Re2 gxf4 37. gxf4 Rxa5 38. Rxa5 Nxa5 39. e5 Nc4 40. exd6 exd6 41. Re8+ Kg7 42. Kf2 Rd3 43. Re1 Rxd5 44. Rg1+ Kf6 45. Rh1 Rd2+ 46. Ke1 Kf5 47. Rxh6 Ra2 48. Rh4 d5 49. Kd1 d4 50. Ke1 d3 51. Rh7 d2+ 52. Kd1 Ra1+ 53. Ke2 d1=Q+ 0-1


[Site "https://www.chess.com"]

[Event "Titled Tuesday Blitz February 07 Early 2023"]
[White "Krzywda, Andrzej"]
[Black "Dilmukhametov, Artur"]
[WhiteFideId "1114565"]
[BlackFideId "24179922"]
[WhiteElo "2223"]
[BlackElo "2276"]
[Result "0-1"]
[Round "07"]
[TimeControl "180+2"]
[Date "2023.02.07"]
[WhiteClock "0:00:02"]
[BlackClock "0:00:36"]

1. d4 c5 2. d5 f5 3. e4 fxe4 4. Nc3 Nf6 5. f3 exf3 6. Nxf3 d6 7. Bd3 g6 8. O-O Bg7 9. Ng5 O-O 10. Qe2 Bg4 11. Qe3 Nxd5 12. Rxf8+ Qxf8 13. Bc4 Bd4 14. Nxd5 Kg7 15. h3 Bd7 16. Kh2 Bxe3 17. Bxe3 Nc6 18. Rf1 Bf5 19. g4 h6 20. Rxf5 Qxf5 21. gxf5 hxg5 22. Bxg5 Ne5 23. f6+ exf6 24. Bxf6+ Kh6 25. Be2 Re8 26. h4 a6 27. Kg3 b5 28. a4 bxa4 29. Bxa6 Rb8 30. Ne3 Rxb2 31. Bc8 a3 32. Be6 a2 33. Bxa2 Rxa2 34. Kf4 Nf7 0-1


[Site "https://www.chess.com"]

[Event "Titled Tuesday Blitz February 07 Early 2023"]
[White "Carrasco Miranda, Andres"]
[Black "ritanovikova"]
[WhiteFideId "3405990"]
[WhiteElo "2240"]
[BlackElo "2202"]
[Result "0-1"]
[Round "07"]
[TimeControl "180+2"]
[Date "2023.02.07"]
[WhiteClock "0:00:22"]
[BlackClock "0:00:12"]

1. d4 d5 2. c4 e6 3. Nf3 Nf6 4. g3 Bb4+ 5. Nbd2 Ne4 6. Bg2 Nxd2 7. Bxd2 Bxd2+ 8. Qxd2 c6 9. O-O O-O 10. Rfc1 Nd7 11. b4 dxc4 12. Rxc4 Nb6 13. Rcc1 Qf6 14. a4 a6 15. e3 Rd8 16. b5 cxb5 17. axb5 axb5 18. Rxa8 Nxa8 19. Ne5 Nb6 20. Qa5 Nc4 21. Nxc4 bxc4 22. Rxc4 g6 23. Be4 Re8 24. f4 h5 25. Rc7 Qd8 26. Qe5 Re7 27. Rc5 b6 28. Rc1 Bb7 29. Bxb7 Rxb7 30. Qe4 Rb8 31. Qc6 b5 32. Rb1 Qa5 33. Kg2 b4 34. Qc4 Qd5+ 35. Qxd5 exd5 36. Rb3 f5 37. Kh3 Kf7 38. Kh4 Kf6 39. h3 Rb7 40. g4 hxg4 41. hxg4 Rh7+ 42. Kg3 Rb7 43. g5+ Kg7 44. Kf3 Kf7 45. Ke2 Ke6 46. Kd3 Kd6 47. Rb1 Kc6 48. Kc2 Kb5 49. Kb3 Ra7 50. Rc1 Ra3+ 51. Kb2 Rxe3 52. Rc5+ Ka4 53. Rxd5 Re2+ 54. Kc1 Kb3 55. Rd6 Kc3 56. Kd1 Rd2+ 57. Kc1 Rf2 58. Rxg6 Rf1# 0-1


[Site "https://www.chess.com"]

[Event "Titled Tuesday Blitz February 07 Early 2023"]
[White "Mrudul Dehankar"]
[Black "Serpi, Andrea"]
[WhiteFideId "25096990"]
[BlackFideId "2847499"]
[WhiteElo "2030"]
[BlackElo "2191"]
[Result "1-0"]
[Round "07"]
[TimeControl "180+2"]
[Date "2023.02.07"]
[WhiteClock "0:00:03"]
[BlackClock "0:00:52"]

1. e4 e6 2. d4 d5 3. e5 c5 4. Nf3 Nc6 5. c3 Qb6 6. Bd3 cxd4 7. O-O Bd7 8. Re1 Bc5 9. b4 Be7 10. b5 Na5 11. Nxd4 Rc8 12. Qg4 Kf8 13. Qf3 Nc4 14. a4 Bc5 15. Bxc4 dxc4 16. a5 Qd8 17. Ba3 Bxa3 18. Nxa3 Qe7 19. Qxb7 Nh6 20. Nc6 Qe8 21. Nxa7 Rb8 22. Qc7 Nf5 23. Qxc4 h5 24. b6 h4 25. N3b5 h3 26. Nc7 Qe7 27. g3 Qg5 28. Rad1 Nh4 29. Qe4 Ba4 30. Qxa4 Nf3+ 31. Kh1 Nxe1 32. Rxe1 Qd2 33. Qe4 Qxf2 34. Nc6 Rh5 35. Nxb8 1-0


[Site "https://www.chess.com"]

[Event "Titled Tuesday Blitz February 07 Early 2023"]
[White "Matveeva, Olga"]
[Black "Von Buelow, Georg"]
[WhiteFideId "24107018"]
[BlackFideId "4620658"]
[WhiteElo "2128"]
[BlackElo "2345"]
[Result "1/2-1/2"]
[Round "07"]
[TimeControl "180+2"]
[Date "2023.02.07"]
[WhiteClock "0:00:51"]
[BlackClock "0:01:35"]

1. d4 Nf6 2. c4 g6 3. g3 Bg7 4. Bg2 c6 5. Nf3 d5 6. b3 O-O 7. O-O Bf5 8. Nc3 Ne4 9. Bb2 Nxc3 10. Bxc3 Be4 11. Rc1 a5 12. Qd2 a4 13. Rfd1 e6 14. Bb4 Re8 15. Ne5 Bxg2 16. Kxg2 Nd7 17. Nxd7 Qxd7 18. e3 Ra6 19. Qd3 h5 20. h4 axb3 21. axb3 Ra2 22. Rc2 Rea8 23. Rxa2 Rxa2 24. Rd2 Ra1 25. Bc3 Ra3 26. Qb1 Qe8 27. Ra2 Qa8 28. Rxa3 Qxa3 29. cxd5 exd5 30. Qb2 Qa6 31. Bb4 Bf6 32. Qa3 Qxa3 33. Bxa3 Bd8 34. Kf3 Bc7 35. e4 f6 1/2-1/2


[Site "https://www.chess.com"]

[Event "Titled Tuesday Blitz February 07 Early 2023"]
[White "Bongo Akanga Ndjila, Barthelemy"]
[Black "Andrews, Todd"]
[WhiteFideId "10609431"]
[BlackFideId "2012456"]
[WhiteElo "1824"]
[BlackElo "2220"]
[Result "0-1"]
[Round "07"]
[TimeControl "180+2"]
[Date "2023.02.07"]
[WhiteClock "0:01:18"]
[BlackClock "0:01:54"]

1. d4 d6 2. c4 g6 3. Nc3 Bg7 4. e4 Nd7 5. Be2 e5 6. Nf3 Ngf6 7. d5 O-O 8. O-O a5 9. Ne1 Nc5 10. f3 Nh5 11. Rf2 f5 12. Nc2 f4 13. Nb5 g5 14. Nca3 Nf6 15. Rb1 Rf7 16. b4 axb4 17. Rxb4 Bf8 18. Bb2 Rg7 19. Kh1 g4 20. Rf1 g3 21. Re1 gxh2 22. Bd3 Nh5 23. Kxh2 Qh4+ 24. Kg1 Bh3 25. Re2 Ng3 26. Rf2 Bxg2 27. Kxg2 Ngxe4+ 28. Kf1 Qxf2# 0-1


[Site "https://www.chess.com"]

[Event "Titled Tuesday Blitz February 07 Early 2023"]
[White "Mendez Machado, Andre"]
[Black "Horak, Martin"]
[WhiteFideId "6603793"]
[BlackFideId "367095"]
[WhiteElo "1974"]
[BlackElo "2266"]
[Result "0-1"]
[Round "07"]
[TimeControl "180+2"]
[Date "2023.02.07"]
[WhiteClock "0:00:01"]
[BlackClock "0:00:38"]

1. e4 c5 2. Nc3 Nc6 3. Bb5 Nd4 4. Nf3 Nxb5 5. Nxb5 d5 6. exd5 a6 7. Nc3 Nf6 8. O-O Nxd5 9. Ne4 e6 10. d3 Be7 11. Be3 Nxe3 12. fxe3 O-O 13. h4 h6 14. g3 b6 15. Ne5 Bb7 16. Qh5 f5 17. Ng5 Bxg5 18. hxg5 Qxg5 19. Qxg5 hxg5 20. Nd7 Rfd8 21. Nxb6 Rab8 22. Nc4 Bd5 23. b3 Bxc4 24. bxc4 Rb2 25. Rfc1 a5 26. Kf2 Rxd3 27. Ke2 Rc3 28. Kd2 Rxc4 29. Rab1 Rxa2 30. Rb6 Re4 31. Rc6 Ra3 32. Rxc5 Raxe3 33. Rxa5 Rxg3 34. Ra7 Rd4+ 35. Ke2 Rh4 36. Ra8+ Kh7 37. Rf1 Rh2+ 38. Kd1 Rgg2 39. Rc8 f4 40. Kc1 f3 41. Kb2 g4 42. Re1 Re2 43. Rd1 f2 0-1


[Site "https://www.chess.com"]

[Event "Titled Tuesday Blitz February 07 Early 2023"]
[White "Begunov, Konstantin"]
[Black "Zampronha, Wladimir Camilo"]
[WhiteFideId "4118510"]
[BlackFideId "2103087"]
[WhiteElo "2325"]
[BlackElo "2176"]
[Result "1-0"]
[Round "07"]
[TimeControl "180+2"]
[Date "2023.02.07"]
[WhiteClock "0:01:13"]
[BlackClock "0:01:50"]

1. d4 Nf6 2. c4 e6 3. Nf3 d5 4. Nc3 Bb4 5. Qa4+ Nc6 6. Ne5 O-O 7. Nxc6 Bxc3+ 8. bxc3 bxc6 9. Qxc6 Bd7 10. Qa6 dxc4 11. e3 Nd5 12. Qxc4 Rb8 13. Qc5 c6 14. Bd3 Qg5 15. O-O f5 16. c4 Nb4 17. Bb1 Rb6 18. e4 f4 19. Qxg5 1-0


[Site "https://www.chess.com"]

[Event "Titled Tuesday Blitz February 07 Early 2023"]
[White "Good, Daniel"]
[Black "Hoffmann, Asa"]
[WhiteFideId "1302388"]
[BlackFideId "2001470"]
[WhiteElo "2141"]
[BlackElo "2185"]
[Result "1-0"]
[Round "07"]
[TimeControl "180+2"]
[Date "2023.02.07"]
[WhiteClock "0:00:11"]
[BlackClock "0:00:09"]

1. e4 d6 2. d4 Nf6 3. Nc3 c6 4. Nf3 Bg4 5. Be2 e6 6. h3 Bh5 7. Be3 d5 8. Nd2 Bg6 9. Bd3 Be7 10. O-O O-O 11. e5 Nfd7 12. f4 c5 13. f5 exf5 14. Nxd5 cxd4 15. Bxd4 Nc6 16. Bc3 Ndxe5 17. Nxe7+ Qxe7 18. Bxf5 Rad8 19. Qe2 Qc5+ 20. Kh1 Rfe8 21. Rae1 Nd4 22. Bxd4 Rxd4 23. Nb3 Qd5 24. Nxd4 Qxd4 25. c3 Qb6 26. Bxg6 hxg6 27. Qf2 Qc7 28. Qd4 b6 29. Rf4 f6 30. Qd5+ Kf8 31. Rh4 Ke7 32. Rh7 Kf8 33. Rh8+ Ke7 34. Rxe8+ Kxe8 35. Qg8+ Kd7 36. Qxg7+ Kc8 37. Qxf6 Nd7 38. Qf3 Qd6 39. Qa8+ Kc7 40. Qxa7+ Kc6 41. Qa4+ Kc7 42. Qc4+ Kb7 43. Qe4+ Kc7 44. Qe6 Qd2 45. Qe2 Qd5 46. Rd1 Qc6 47. Qf3 Qe6 48. Qg3+ Kb7 49. Qd6 Qxd6 50. Rxd6 Kc7 51. Rxg6 Nc5 52. h4 Nd3 53. h5 Nxb2 54. h6 Nd1 55. h7 Nf2+ 56. Kh2 Ne4 57. h8=Q Nd6 58. Qh7+ Kc6 59. Rxd6+ Kxd6 60. Qf5 1-0


[Site "https://www.chess.com"]

[Event "Titled Tuesday Blitz February 07 Early 2023"]
[White "Hertlein, Irena"]
[Black "Alfaro, William"]
[WhiteFideId "21817618"]
[BlackFideId "6100457"]
[WhiteElo "1994"]
[BlackElo "2134"]
[Result "0-1"]
[Round "07"]
[TimeControl "180+2"]
[Date "2023.02.07"]
[WhiteClock "0:01:52"]
[BlackClock "0:02:20"]

1. Nf3 Nf6 2. c4 g6 3. b3 Bg7 4. Bb2 d6 5. d4 O-O 6. g3 c5 7. Bg2 cxd4 8. Nxd4 a6 9. Nc3 Qc7 10. O-O Bd7 11. e4 Nc6 12. Nd5 Nxd5 13. exd5 Ne5 14. h3 g5 15. Qh5 h6 16. h4 Bg4 0-1


[Site "https://www.chess.com"]

[Event "Titled Tuesday Blitz February 07 Early 2023"]
[White "I_KID_you_not"]
[Black "Simonovic, Miroslav"]
[BlackFideId "919152"]
[WhiteElo "2342"]
[BlackElo "2082"]
[Result "1-0"]
[Round "07"]
[TimeControl "180+2"]
[Date "2023.02.07"]
[WhiteClock "0:00:32"]
[BlackClock "0:00:01"]

1. e4 c5 2. Nc3 Nc6 3. Bb5 g6 4. Bxc6 dxc6 5. d3 Bg7 6. f4 e5 7. fxe5 Qh4+ 8. g3 Qg4 9. Qxg4 Bxg4 10. h3 Bd7 11. Nf3 O-O-O 12. Bg5 Re8 13. O-O-O h6 14. Be3 b6 15. d4 cxd4 16. Bxd4 c5 17. e6 cxd4 18. exd7+ Kxd7 19. Nxd4 Bxd4 20. Rxd4+ Ke6 21. Nb5 Re7 22. Rd6+ Ke5 23. Rd5+ Ke6 24. Nd4+ Kf6 25. Rf1+ Kg7 26. e5 h5 27. Nc6 Rc7 28. Nd8 Nh6 29. e6 Rxd8 30. Rxd8 fxe6 31. Re8 Nf5 32. g4 hxg4 33. hxg4 Ne3 34. Rf2 Nxg4 35. Rg2 Kf7 36. Rh8 Nf6 37. Rh6 Re7 38. Rhxg6 e5 39. Rg7+ Ke6 40. Rxe7+ Kxe7 41. Rg7+ Ke6 42. Rxa7 Kf5 43. Rb7 Nd5 44. c4 Nb4 45. a3 Nd3+ 46. Kc2 e4 47. Rxb6 Kf4 48. Rh6 Ne1+ 49. Kd2 Nf3+ 50. Ke2 Nd4+ 51. Kf1 Ke3 52. c5 Kd3 53. b4 e3 54. Rh3 Kd2 55. Rh2+ e2+ 56. Rxe2+ Nxe2 57. c6 1-0


[Site "https://www.chess.com"]

[Event "Titled Tuesday Blitz February 07 Early 2023"]
[White "Sabar, Ethmane Daouda"]
[Black "Manon-og, Ramon Jr."]
[WhiteFideId "19600097"]
[BlackFideId "5200776"]
[WhiteElo "2040"]
[BlackElo "1999"]
[Result "0-1"]
[Round "07"]
[TimeControl "180+2"]
[Date "2023.02.07"]
[WhiteClock "0:00:02"]
[BlackClock "0:00:03"]

1. e4 c5 2. a3 d6 3. b4 cxb4 4. axb4 d5 5. exd5 Qxd5 6. Nf3 Nc6 7. Nc3 Qe6+ 8. Be2 Nxb4 9. Nb5 Qb6 10. c3 Nd5 11. c4 Nc7 12. Ba3 Nxb5 13. cxb5 Nf6 14. O-O g6 15. Bc4 Bg7 16. Re1 e6 17. Ne5 Qd4 18. Rb1 Ne4 19. Bb2 Qxf2+ 20. Kh1 Qh4 21. Qf3 Nf6 22. Ba3 Bf8 23. Rf1 Bg7 24. d3 Qh5 25. Qe3 Ng4 26. Nxg4 Qxg4 27. Qc5 Bf8 28. Qc7 Bxa3 29. Qxf7+ Kd8 30. Qf6+ Kc7 31. Qxh8 Bd6 32. Qxh7+ Bd7 33. Rbc1 Kd8 34. d4 Bf4 35. Rxf4 Qxf4 36. Rf1 Qxd4 37. Qg8+ Be8 38. Bxe6 Qd6 39. Re1 Kc7 40. Bf7 Qd2 0-1


[Site "https://www.chess.com"]

[Event "Titled Tuesday Blitz February 07 Early 2023"]
[White "Rose, Felix"]
[Black "Ricaurte Lopez, Juan Carlos"]
[WhiteFideId "5105722"]
[BlackFideId "3600327"]
[WhiteElo "2091"]
[BlackElo "2226"]
[Result "1-0"]
[Round "07"]
[TimeControl "180+2"]
[Date "2023.02.07"]
[WhiteClock "0:00:23"]
[BlackClock "0:00:16"]

1. e4 e5 2. Nf3 d5 3. exd5 e4 4. Qe2 Nf6 5. d3 Be7 6. dxe4 O-O 7. Nc3 Re8 8. Bg5 Nxe4 9. Nxe4 Bxg5 10. Nfxg5 h6 11. Nf3 f5 12. O-O-O fxe4 13. Nd4 Qxd5 14. Nb5 Qxa2 15. Qc4+ Be6 16. Qxa2 Bxa2 17. Nxc7 Nc6 18. Nxa8 Rxa8 19. b3 Rf8 20. Rd2 Rf5 21. Kb2 Ra5 22. Bc4+ Kf8 23. Ra1 Nb4 24. c3 Nd3+ 25. Bxd3 exd3 26. Rxa2 Re5 27. Rxa7 Re2 28. Rxe2 dxe2 29. Ra1 Ke7 30. Re1 Kd6 31. Rxe2 b5 32. f4 1-0


[Site "https://www.chess.com"]

[Event "Titled Tuesday Blitz February 07 Early 2023"]
[White "Kiseleva, Arina"]
[Black "Ruiz Aguilar, Pablo Alexander"]
[WhiteFideId "4164989"]
[BlackFideId "4401352"]
[WhiteElo "1962"]
[BlackElo "2161"]
[Result "0-1"]
[Round "07"]
[TimeControl "180+2"]
[Date "2023.02.07"]
[WhiteClock "0:00:01"]
[BlackClock "0:00:25"]

1. d4 d5 2. Nf3 c6 3. c4 Nf6 4. Nbd2 Bf5 5. Nh4 Be6 6. e3 Ne4 7. Nxe4 dxe4 8. f4 h6 9. f5 Bc8 10. Qg4 g5 11. Qxe4 gxh4 12. Bd3 Bg7 13. O-O Bf6 14. Qg4 h5 15. Qf3 Na6 16. Rd1 Nb4 17. Bb1 a5 18. a3 Na6 19. Ba2 e6 20. fxe6 Bxe6 21. d5 Bg4 22. Qf1 Bxd1 23. Qxd1 cxd5 24. cxd5 Qd6 25. Qa4+ Ke7 26. Qe4+ Kf8 27. Bd2 Nc5 28. Qf5 Qe5 29. Qf3 Ne4 30. Bc3 Nxc3 31. bxc3 Rc8 32. Rf1 Rh6 33. c4 b6 34. Bb1 Kg7 35. Bd3 Re8 36. e4 Re7 37. Kh1 Rg6 38. Rb1 Bg5 39. h3 Bf4 40. Bc2 Rg3 41. Qf2 Be3 42. Qe2 Bc5 43. Re1 f5 44. Qd1 f4 45. Rf1 Bd6 46. Rf3 Rxf3 47. gxf3 Qg5 48. Qf1 Qg3 49. c5 Bxc5 50. e5 Rxe5 51. Be4 Rg5 0-1


[Site "https://www.chess.com"]

[Event "Titled Tuesday Blitz February 07 Early 2023"]
[White "Koridze, Lile"]
[Black "Levine, David"]
[WhiteFideId "13612514"]
[BlackFideId "2011611"]
[WhiteElo "2191"]
[BlackElo "2040"]
[Result "1-0"]
[Round "07"]
[TimeControl "180+2"]
[Date "2023.02.07"]
[WhiteClock "0:00:17"]
[BlackClock "0:00:03"]

1. d4 d5 2. c4 dxc4 3. e3 Nf6 4. Bxc4 e6 5. Nf3 c5 6. O-O Nc6 7. a3 Be7 8. Nc3 O-O 9. dxc5 Bxc5 10. Qe2 a6 11. b4 Bd6 12. Bb2 Qe7 13. e4 Ne5 14. Bb3 b5 15. h3 Bb7 16. Rfd1 Nfd7 17. Rd2 Rfd8 18. Rad1 Bc7 19. Nd4 Rac8 20. f4 Nc4 21. Bxc4 bxc4 22. e5 Nb6 23. Kh1 Rd7 24. Ne4 Na4 25. Nf5 exf5 26. Rxd7 Qh4 27. Ng5 c3 28. Rxc7 Bxg2+ 29. Kxg2 Rf8 30. Bxc3 1-0


[Site "https://www.chess.com"]

[Event "Titled Tuesday Blitz February 07 Early 2023"]
[White "Zaichenko, Daria"]
[Black "Fabris, Alberto"]
[WhiteFideId "4197453"]
[BlackFideId "801348"]
[WhiteElo "2104"]
[BlackElo "2230"]
[Result "1-0"]
[Round "07"]
[TimeControl "180+2"]
[Date "2023.02.07"]
[WhiteClock "0:00:15"]
[BlackClock "0:00:33"]

1. e4 c5 2. Nf3 d6 3. d4 cxd4 4. Nxd4 Nf6 5. Nc3 a6 6. Bd3 e5 7. Nb3 Be7 8. Be3 O-O 9. a4 Qc7 10. a5 Nbd7 11. Na4 Nc5 12. Nbxc5 dxc5 13. Nb6 Rb8 14. O-O Be6 15. c4 Rbd8 16. Nd5 Bxd5 17. cxd5 Bd6 18. b3 Qe7 19. Bg5 h6 20. Bh4 g5 21. Bg3 Ne8 22. Qh5 Qf6 23. h4 Ng7 24. Qg4 Qg6 25. f3 gxh4 26. Bxh4 Qxg4 27. fxg4 Rc8 28. Rf6 Be7 29. Rxh6 Bxh4 30. Rxh4 Ne8 31. Kf2 Kg7 32. Rah1 Rg8 33. Rh7+ Kf8 34. Kf3 Rg7 35. Rxg7 Kxg7 36. g5 Nd6 37. Rh6 Nb5 38. Rb6 Nd4+ 39. Kg4 Rc7 40. Bc4 Nc2 41. Kf5 Ne3+ 42. Kxe5 Nxg2 43. Kd6 Rc8 44. Rxb7 Ne3 45. Ke7 Kg6 46. d6 1-0


[Site "https://www.chess.com"]

[Event "Titled Tuesday Blitz February 07 Early 2023"]
[White "Herman, Daniel"]
[Black "Osmonbekov, Talaibek"]
[WhiteFideId "30935008"]
[BlackFideId "2017253"]
[WhiteElo "1956"]
[BlackElo "2137"]
[Result "1-0"]
[Round "07"]
[TimeControl "180+2"]
[Date "2023.02.07"]
[WhiteClock "0:01:21"]
[BlackClock "0:00:30"]

1. Nf3 f5 2. d3 Nf6 3. e4 d6 4. Nc3 e5 5. d4 fxe4 6. Ng5 exd4 7. Qxd4 Nc6 8. Bb5 Bd7 9. Bxc6 Bxc6 10. Ncxe4 Nxe4 11. Nxe4 Qe7 12. f3 d5 13. Bg5 Qe6 14. O-O-O dxe4 15. Rhe1 Qf5 16. h4 h6 17. g4 Qc5 18. Rxe4+ Bxe4 19. Qd7# 1-0


[Site "https://www.chess.com"]

[Event "Titled Tuesday Blitz February 07 Early 2023"]
[White "Ronka, Erik"]
[Black "Dzhaparov, Medet"]
[WhiteFideId "505080"]
[BlackFideId "13803689"]
[WhiteElo "2276"]
[BlackElo "1578"]
[Result "1-0"]
[Round "07"]
[TimeControl "180+2"]
[Date "2023.02.07"]
[WhiteClock "0:02:38"]
[BlackClock "0:00:19"]

1. d4 Nf6 2. c4 g6 3. Nc3 d5 4. Bf4 Bg7 5. e3 O-O 6. Rc1 Nc6 7. Nf3 Bg4 8. h3 Bxf3 9. Qxf3 e6 10. Be2 Re8 11. O-O Rc8 12. Rfd1 a6 13. Bh2 Qd7 14. Bf1 Ne7 15. b3 c6 16. Qe2 b5 17. g4 Qb7 18. c5 Nd7 19. f4 f6 20. b4 e5 21. Bg2 e4 22. Qf2 f5 23. Bg3 Kh8 24. Kf1 a5 25. a3 a4 26. Ke2 Nf6 27. Kd2 fxg4 28. hxg4 Nxg4 29. Qe2 Nf6 30. Rh1 Nf5 31. Bf2 Nh5 32. Qe1 Nf6 33. Bh3 Nh6 34. Kc2 Nhg4 35. Bg3 Rcd8 36. Qe2 Nh6 37. Rcg1 Nf5 38. Bf2 Nh6 39. Nd1 Rf8 40. Be1 Qe7 41. Nf2 Nh5 42. Ng4 Nf6 43. Bh4 Qf7 44. Ne5 Qe8 45. Bf1 Nf5 46. Bg5 Kg8 47. Qh2 h6 48. Bxf6 Rxf6 49. Bh3 Nxe3+ 50. Kc3 Nf5 51. Bxf5 Rxf5 52. Rxg6 Rxe5 53. Rxg7+ Kxg7 54. Qxh6+ Kf7 55. fxe5 Qg8 56. Qf6+ Ke8 57. Rh8 1-0


[Site "https://www.chess.com"]

[Event "Titled Tuesday Blitz February 07 Early 2023"]
[White "Bozorov, Makhsum"]
[Black "Gharamian, Tigran"]
[WhiteFideId "14201330"]
[BlackFideId "13301527"]
[WhiteElo "2145"]
[BlackElo "2601"]
[Result "1/2-1/2"]
[Round "07"]
[TimeControl "180+2"]
[Date "2023.02.07"]
[WhiteClock "0:00:14"]
[BlackClock "0:00:25"]

1. d4 Nf6 2. Nf3 d5 3. g3 e6 4. Bg2 Be7 5. O-O O-O 6. c4 dxc4 7. Qc2 a6 8. a4 Bd7 9. Qxc4 Bc6 10. Bg5 Nbd7 11. Nc3 h6 12. Bxf6 Nxf6 13. Rfe1 Ne4 14. Qd3 Nxc3 15. bxc3 a5 16. e4 Qe8 17. Qc2 b6 18. Ne5 Bb7 19. c4 Bd6 20. Nd3 e5 21. c5 Be7 22. cxb6 cxb6 23. Nxe5 Bf6 24. Nc4 Bxd4 25. Rad1 Rd8 26. Qb3 Qe6 27. Nxa5 bxa5 28. Qxb7 Qf6 29. Rf1 Bxf2+ 30. Kh1 Qb6 31. Qxb6 Bxb6 32. e5 Rd4 33. Rxd4 Bxd4 34. e6 fxe6 35. Rxf8+ Kxf8 36. Bc6 Ke7 37. Kg2 Kd6 38. Ba8 Ke5 39. Kf3 Bc3 40. h3 g5 41. g4 Kd4 42. Bc6 e5 43. Bb7 Bd2 44. Bc6 Bf4 45. Bb7 Be3 46. Bc6 Bf4 47. Bb7 Be3 48. Bc6 Bf4 1/2-1/2


[Site "https://www.chess.com"]

[Event "Titled Tuesday Blitz February 07 Early 2023"]
[White "Winkels, Marcel"]
[Black "Shubenkova, Veronika"]
[WhiteFideId "1003887"]
[BlackFideId "44124040"]
[WhiteElo "1960"]
[BlackElo "1960"]
[Result "0-1"]
[Round "07"]
[TimeControl "180+2"]
[Date "2023.02.07"]
[WhiteClock "0:00:01"]
[BlackClock "0:01:42"]

1. e4 e6 2. d4 d5 3. Nc3 Nf6 4. Bg5 Be7 5. e5 Nfd7 6. h4 h6 7. Qh5 a6 8. Bd3 c5 9. dxc5 Nxe5 10. O-O-O Nxd3+ 11. Rxd3 Nc6 12. f4 g6 13. Bxe7 Qxe7 14. Qe2 Nb4 15. Rd1 Bd7 16. Qe5 O-O-O 17. Nxd5 Nxd5 18. Rxd5 Bc6 19. Rd2 f6 20. Qe3 Rxd2 21. Kxd2 Rd8+ 22. Kc1 Bxg2 23. Rh2 Bd5 24. Ne2 e5 25. Nc3 Bc6 26. Re2 Re8 27. a3 e4 28. b4 f5 29. Qg3 Qf6 30. Kb2 Rd8 31. h5 g5 32. fxg5 hxg5 33. Rg2 Rg8 34. Qe3 f4 0-1


[Site "https://www.chess.com"]

[Event "Titled Tuesday Blitz February 07 Early 2023"]
[White "Maung, Maung Kyaw Zaw Hein"]
[Black "Cramling Bellon, Anna"]
[WhiteFideId "13001698"]
[BlackFideId "32009232"]
[WhiteElo "2119"]
[BlackElo "2043"]
[Result "1-0"]
[Round "07"]
[TimeControl "180+2"]
[Date "2023.02.07"]
[WhiteClock "0:01:19"]
[BlackClock "0:00:17"]

1. Nf3 c5 2. c4 Nc6 3. d4 cxd4 4. Nxd4 Nf6 5. g3 e5 6. Nb5 d6 7. Bg2 a6 8. N5a3 Be6 9. O-O Be7 10. Nc3 O-O 11. b3 Rc8 12. Bb2 Qc7 13. Nc2 Rfd8 14. Ne3 Nd4 15. Ned5 Nxd5 16. Nxd5 Bxd5 17. Bxd5 Ne6 18. Rc1 Qd7 19. Qd2 b5 20. f4 exf4 21. gxf4 Nc5 22. Kh1 Qf5 23. Rg1 Bf8 24. Qd4 Kh8 25. Rxg7 f6 26. Rg8# 1-0


[Site "https://www.chess.com"]

[Event "Titled Tuesday Blitz February 07 Early 2023"]
[White "Balint, Vilmos"]
[Black "Osiecki, Stanislaw"]
[WhiteFideId "718050"]
[BlackFideId "1102990"]
[WhiteElo "2169"]
[BlackElo "2055"]
[Result "0-1"]
[Round "07"]
[TimeControl "180+2"]
[Date "2023.02.07"]
[WhiteClock "0:02:56"]
[BlackClock "0:02:45"]

1. e4 e6 2. d4 d5 3. Nc3 Bb4 4. exd5 exd5 5. Bd3 Nc6 6. Ne2 Bg4 7. f3 Bh5 8. O-O Nge7 9. Re1 O-O 10. Bd2 Bg6 11. a3 Bd6 12. Bxg6 Nxg6 13. Bf4 Nxf4 0-1


[Site "https://www.chess.com"]

[Event "Titled Tuesday Blitz February 07 Early 2023"]
[White "Bashirli, Saadat"]
[Black "Necula, Iulian"]
[WhiteFideId "13429990"]
[BlackFideId "1232380"]
[WhiteElo "1571"]
[BlackElo "1851"]
[Result "1/2-1/2"]
[Round "07"]
[TimeControl "180+2"]
[Date "2023.02.07"]
[WhiteClock "0:01:06"]
[BlackClock "0:01:06"]

1. e4 c5 2. Nf3 d6 3. Bb5+ Bd7 4. Bxd7+ Qxd7 5. c4 g6 6. O-O Bg7 7. Nc3 Nf6 8. Re1 Nc6 9. d4 cxd4 10. Nxd4 O-O 11. Be3 Ng4 12. Nxc6 Nxe3 13. Rxe3 bxc6 14. c5 Rab8 15. cxd6 exd6 16. Qd2 Qe6 17. Rd3 Rfd8 18. Re1 Rb4 19. f3 Rb7 20. Rd1 Rbd7 21. b3 h5 22. Ne2 Qf6 23. Qc2 d5 24. exd5 Rxd5 25. Rxd5 Rxd5 26. Rxd5 cxd5 27. Qd2 Qa1+ 28. Kf2 Qe5 29. g3 d4 30. Qd3 Qc5 31. Kg2 Kh7 32. Kf2 h4 33. Kg2 Be5 34. Qe4 hxg3 35. hxg3 Bg7 36. Qh4+ Kg8 37. Qd8+ Kh7 38. Qh4+ Kg8 39. Qd8+ Kh7 40. Qh4+ 1/2-1/2


[Site "https://www.chess.com"]